 Dungeon Crawl Stone Soup version 0.31-a0-1068-g5939ac1fb6 (webtiles) character file.

Game seed: 278187396511644688

67 Maratek the Ruffian (level 4, -2/43 HPs)
             Began as an Octopode Shapeshifter on Nov 24, 2023.
             Slain by a gnoll
             ... wielding a +0 halberd
             ... led by a gnoll bouda
              (9 damage)
             ... on level 2 of the Dungeon.
             The game lasted 00:01:36 (1167 turns).

Maratek the Ruffian (Octopode Shapeshifter)         Turns: 1167, Time: 00:01:36

Health: -2/43      AC: 22    Str: 15    XL:     4   Next: 16%
Magic:  0/4        EV:  2    Int: 12    God:
Gold:   98         SH:  0    Dex: 11    Spells: 3/3 levels left

rFire   . .          .
                       - Unarmed
rCold   . . .        (no shield)
rNeg    + . .        (helmet currently unavailable)
rPois   +            i - amulet of guardian spirit
rElec   .            j - ring of positive energy
rCorr   .            (no ring)
SInv    .            (no ring)
Will    .....        (no ring)
Stlth   +            (no ring)
HPRegen 0.27/turn    (no ring)
MPRegen 0.09/turn    (no ring)
                     (no ring)

%: guardian spirit
@: tree-form, weakened
A: stationary, stasis, torment immunity, boosted hp, almost no armour,
(amphibious), 8 rings, (camouflage 1), (gelatinous body 1), (nimble swimmer 1),
(tentacles)
a: no special abilities


You were on level 2 of the Dungeon.
You were a tree.
You visited 1 branch of the dungeon, and saw 2 of its levels.

You collected 98 gold pieces.

Inventory:

Jewellery
 i - an amulet of guardian spirit (around neck)
 j - a ring of positive energy (left branch)
Talismans
 b - a beast talisman
 c - a flux talisman
Scrolls
 e - 3 scrolls of identify {unknown}
 f - a scroll of enchant armour {unknown}
 h - a scroll of silence {unknown}
Potions
 d - a potion of mutation {unknown}
 g - 3 potions of curing {unknown}
 k - a potion of attraction {unknown}


   Skills:
 + Level 2.0 Fighting
 + Level 2.7 Dodging
 + Level 3.5 Unarmed Combat
 + Level 3.4 Shapeshifting


You had 3 spell levels left.
You didn't know any spells.
Your spell library contained the following spells:

 Spells                   Type           Power      Damage    Failure   Level
 Cigotuvi's Dreadful Rot  Necr/Pois/Air  0%         N/A       45%         2
 Dispel Undead            Necr           0%         3d6       97%         4
 Death Channel            Necr           0%         N/A       100%        6


Dungeon Overview and Level Annotations

Branches:
Dungeon (2/15)

Altars:

Shops:
D:1 (


Innate Abilities, Weirdness & Mutations

You are a tree.
Your roots penetrate the ground, keeping you stationary.
You cannot be teleported.
You are immune to unholy pain and torment.
Your maximum health is greatly increased.
You cannot wear most types of armour.
((You are amphibious.))
You can wear up to eight rings at the same time.
((Your skin changes colour to match your surroundings (Stealth+).))
((Your rubbery body absorbs attacks. (AC +1, EV +1)))
((You are camouflaged when in or above water. (Stealth+)))
((You have tentacles for arms and can constrict up to eight enemies at once.))


Message History

The gnoll shouts! x2; The gnoll bouda shouts!
You hear a shout!
The gnoll bouda barks out a call to the hunt!
The gnolls pick up the pace!
You hear a shout!
There is an open door here. 2 gnolls come into view.
A gnoll is wielding a +0 flail.
The gnoll hits you from afar with a +0 halberd!
The gnoll moves out of view.
The gnoll hits you with a +0 halberd! The gnoll closely misses you.
The gnoll bouda gazes fiercely through you!
You feel your attacks grow feeble.
You are too injured to fight recklessly!
You are too injured to fight recklessly!
You are too injured to fight recklessly!
You are too injured to fight recklessly!
You are too injured to fight recklessly!
You are too injured to fight recklessly!
You are too injured to fight recklessly!
You are too injured to fight recklessly!
You are too injured to fight recklessly!
You are too injured to fight recklessly!
You are too injured to fight recklessly!
You are too injured to fight recklessly!
You are too injured to fight recklessly!
You are too injured to fight recklessly!
You are too injured to fight recklessly!
You are too injured to fight recklessly!
You are too injured to fight recklessly!
You are too injured to fight recklessly!
You are too injured to fight recklessly!
Your transformation has ended.
You turn into a tree.
Your roots penetrate the ground.
The gnoll hits you with a +0 halberd!
* * * LOW HITPOINT WARNING * * *
The gnoll hits you from afar with a +2 halberd of protection.
* * * LOW HITPOINT WARNING * * *
You smack the gnoll!
The gnoll is almost dead.
The gnoll hits you with a +0 halberd!
You die...

+########+
#.ggg♣...#
#.g####'.#.##
# #....#.#..#
#.##.#.#..#
#.##.#.#..#
#....#.#..#
.+####'.#..#
#........#..#
+########'..#


You could see a gnoll bouda and 3 gnolls.

Vanquished Creatures
  2 adders (D:2)
  2 worms (D:2)
  A dart slug (D:2)
  6 ball pythons
  A bat (D:2)
  5 endoplasms
  2 giant cockroaches
  3 goblins
  2 hobgoblins (D:1)
  3 jackals (D:1)
  A quokka (D:2)
  4 frilled lizards (D:1)
  3 kobolds (D:1)
  4 rats
39 creatures vanquished.

Notes
Turn   | Place    | Note
-------+----------+-------------------------------------------
     0 | D:1      | Maratek the Octopode Shapeshifter began the quest for the
                  | Orb.
     0 | D:1      | Reached XP level 1. HP: 13/13 MP: 1/1
   136 | D:1      | Reached XP level 2. HP: 18/18 MP: 2/2
   270 | D:1      | Found a faded altar of an unknown god.
   357 | D:1      | Found Caoloxt's Antique Weapon Shop.
   713 | D:2      | Reached XP level 3. HP: 20/23 MP: 3/3
   977 | D:2      | Reached XP level 4. HP: 25/29 MP: 2/4
  1167 | D:2      | Slain by a gnoll

Illustrated notes

Levels and vault maps discovered:
D:1:      ldierk_walled_garden_2, layout_loops_ring, serial_shops, shop,
          nicolae_ecumenical_lake_church
D:2:      layout_rooms, minivault_11, st_stairs_14

Skill      XL: |  1  2  3 |
---------------+----------+-----
Fighting       | 2 |  2.0
Dodging        | |  2.7
Unarmed Combat | |  3.5
Shapeshifting  | |  3.4

Action                     |  1- 3 |  4- 6 || total
---------------------------+-------+-------++-------
  Melee: Unarmed           |    59 |    10 ||    69
         Constrict         |    14 |     3 ||    17
         Tentacles         |     9 |     3 ||    12
         Punch             |     1 |       ||     1
    Use: Potion            |       |     1 ||     1
   Stab: Sleeping          |     3 |       ||     3
 Armour: Skin              |    19 |    13 ||    32
  Dodge: Dodged            |    22 |     5 ||    27

Table legend: (Time is in decaauts)
 A = Elapsed time spent in this place.
 B = Non-inter-level travel time spent in this place.
 C = Inter-level travel time spent in this place.
 D = Time resting spent in this place.
 E = Time spent auto-exploring this place.
 F = Levels seen in this place.
 G = Mean time per level.
                   A        B        C        D        E       F      G
               +--------+--------+--------+--------+--------+-----+--------+
         Total |   1161 |   1083 |     78 |      0 |    880 |   2 |  580.5 |
       Dungeon |   1161 |   1083 |     78 |      0 |    880 |   2 |  580.5 |
               +--------+--------+--------+--------+--------+-----+--------+

Top non-repeatable levels by time:
     D:1: 699 daAuts
     D:2: 462 daAuts
